 Dungeon Crawl Stone Soup version 0.27-a0-1591-gc56fcc985a (webtiles) character file.

Game seed: 6360876421432444029

6 Majang the Slasher (level 1, -1/12 HPs)
             Began as a Tengu Gladiator on July 19, 2021.
             Slain by a jackal (3 damage)
             ... on level 1 of the Dungeon.
             The game lasted 00:00:34 (122 turns).

Majang the Slasher (Tengu Gladiator)                 Turns: 122, Time: 00:00:35

Health: -1/12      AC:  3    Str: 14    XL:     1   Next: 90%
Magic:  2/2        EV: 12    Int:  8    God:
Gold:   0          SH:  0    Dex: 15    Spells: 0/0 levels left

rFire    . . .     SeeInvis .   a - +0 long sword
rCold    . . .     Faith    .   (no shield)
rNeg     . . .     Spirit   .   b - +0 leather armour
rPois    .         Reflect  .   c - +0 hat
rElec    .         Harm     .   (no cloak)
rCorr    .         Rampage  .   (no gloves)
Will     .....                  (boots unavailable)
Stlth    +.........             (no amulet)
HPRegen  0.04/turn              (no ring)
MPRegen  0.08/turn              (no ring)

@: no status effects
A: beak, talons 3
a: no special abilities


You were on level 1 of the Dungeon.
You visited 1 branch of the dungeon, and saw 1 of its levels.

Inventory:

Hand Weapons
 a - a +0 long sword (weapon)
Missiles
 d - 3 throwing nets (quivered)
Armour
 b - a +0 leather armour (worn)
 c - a +0 hat (worn)
Scrolls
 e - 2 scrolls of vulnerability {unknown}
Potions
 f - a potion of might {unknown}


   Skills:
 + Level 2.1 Fighting
 * Level 3.6 Long Blades
 - Level 2.0 Throwing
 - Level 3.2 Dodging


You couldn't memorise any spells.
You didn't know any spells.
Your spell library was empty.

Dungeon Overview and Level Annotations

Branches:
Dungeon (1/15)

Altars:


Innate Abilities, Weirdness & Mutations

You have a beak for a mouth.
You have claws for feet.


Message History

The endoplasm freezes you.
You are frozen.
You slash the endoplasm!
You kill the endoplasm!
The kobold barely misses you.
You barely miss the kobold. You claw the kobold.
The kobold is severely wounded.
The kobold misses you.
You barely miss the kobold. Your kick misses the kobold. You peck the kobold.
You kill the kobold!
You closely miss the quokka. The quokka bites you.
You closely miss the quokka. You claw the quokka.
You kill the quokka!
You start resting.
HP restored.
Things that are here:
a +0 club; 2 stones
Found a club.
A jackal comes into view.
A jackal comes into view.
The jackal barks! x2
You closely miss the jackal. You claw the jackal, but do no damage.
The jackal misses you.
The jackal bites you but does no damage. x2
You barely miss the jackal. Your kick misses the jackal.
The jackal bites you but does no damage.
The jackal bites you. x3
You hit the jackal but do no damage. You claw the jackal. You peck the jackal.
The jackal is almost dead.
The jackal bites you but does no damage.
The jackal bites you.
* * * LOW HITPOINT WARNING * * *
You hit the jackal.
You kill the jackal!
You barely miss the jackal. You claw the jackal.
The jackal is heavily wounded.
The jackal bites you.
* * * LOW HITPOINT WARNING * * *
The jackal bites you.
You die...

.....#+#### .#
.................#
#.# ..
.................#
#.#...
.................#
#.#..# .......
.).......# #.#..#
.....
.........###.#..#
... ####...........#
#.####........)†...#
#.h@..........#.....
#.####.######......#
#. #.# ##......# #.
### ....[.....# ..
.....####.. ..
+...... +.. #..
#..... #.. #..
#..... #.. ... #..


You could see a jackal.

Vanquished Creatures
  An endoplasm (D:1)
  A jackal (D:1)
  A quokka (D:1)
  A ball python (D:1)
  A frilled lizard (D:1)
  A kobold (D:1)
6 creatures vanquished.

Notes
Turn   | Place    | Note
-------+----------+-------------------------------------------
     0 | D:1      | Majang the Tengu Gladiator began the quest for the Orb.
     0 | D:1      | Reached XP level 1. HP: 12/12 MP: 2/2
   122 | D:1      | Slain by a jackal

Illustrated notes

Levels and vault maps discovered:
D:1:      minmay_arrival_five_plusses, layout_basic, basic_ecumenical_altar,
          minmay_quantized

Action                   || total
-------------------------++-------
Melee: Long sword        ||    12
       Kick              ||     6
       Peck              ||     2
Armor: Leather armour    ||     4
Dodge: Dodged            ||     4
       Rpst.: Long sword ||     1

Table legend: (Time is in decaauts)
 A = Elapsed time spent in this place.
 B = Non-inter-level travel time spent in this place.
 C = Inter-level travel time spent in this place.
 D = Time resting spent in this place.
 E = Time spent auto-exploring this place.
 F = Levels seen in this place.
 G = Mean time per level.
                   A        B        C        D        E       F      G
               +--------+--------+--------+--------+--------+-----+--------+
         Total |    124 |    124 |      0 |     59 |     36 |   1 |  124.0 |
       Dungeon |    124 |    124 |      0 |     59 |     36 |   1 |  124.0 |
               +--------+--------+--------+--------+--------+-----+--------+

Top non-repeatable levels by time:
     D:1: 124 daAuts
